Map: Port Aleksander LE

Players

iGCoffeeMs (Coffee)

  • Race: Terran Terran
  • League: Master
  • Spawn Location: 5:00

IIIIIIIIIIII (Firefly) - Winner!

  • Race: Protoss Protoss
  • Spawn Location: 11:00

Event: 2019 WCS Winter Americas

VOD

Have the link to the VOD?

Description

Time

  • Played on: Feb. 15, 2019, 2:31 p.m.
  • Length: 16:26

All games in this series

Show
View Real Time Build Order
Export as new Build Order

iGCoffeeMs Terran 

Build Orders: Reaper Expand 

Get SALT Encoding   

  12  0:00  SCV  
  13  0:12  SCV  
  14  0:17  Supply Depot  
  14  0:24  SCV  
  15  0:39  SCV, Barracks  
  16  0:44  Refinery  
  16  0:51  SCV  
  17  1:03  SCV  
  18  1:15  SCV  
  19  1:27  Reaper  
  19  1:28  Orbital Command  
  20  1:41  Command Center  
  20  1:53  Supply Depot  
  20  1:54  SCV  
  20  1:59  Marine  
  22  2:06  SCV  
  22  2:07  Factory  
  23  2:11  Refinery  
  23  2:18  SCV  
  23  2:21  Barracks Reactor  
  24  2:31  SCV, Bunker  
  25  2:43  SCV  
  26  2:51  Factory Tech Lab  
  26  2:55  SCV  
  26  2:56  Orbital Command  
  25  2:58  Marine x2  
  28  3:15  Siege Tank  
  28  3:21  Marine  
  28  3:23  Marine  
  29  3:31  SCV  
  29  3:39  Marine  
  29  3:41  Marine  
  27  3:42  SCV  
  27  3:43  SCV  
  29  3:53  Siege Tank  
  32  3:56  SCV  
  32  3:58  SCV  
  34  4:09  Starport  
  33  4:10  SCV  
  33  4:11  SCV  
  35  4:17  Marine x2  
  35  4:22  SCV  
  35  4:23  SCV  
  39  4:35  SCV x2  
  41  4:38  Marine  
  41  4:39  Marine  
  41  4:44  Supply Depot, Factory Tech Lab  
  43  4:52  Cloaking Field  
  43  4:56  Banshee  
  46  5:02  Supply Depot  
  46  5:09  Marine x2  
  48  5:17  Siege Tank  
  48  5:19  SCV  
  53  5:28  Orbital Command  
  53  5:29  Marine x2  
  54  5:38  SCV  
  54  5:40  Banshee  
  58  5:50  Refinery  
  58  5:53  Supply Depot x2  
  58  5:57  Siege Tank  
  58  5:59  Marine  
  62  6:14  SCV x2, Marine, Supply Depot  
  65  6:19  Barracks  
  65  6:21  Marine  
  66  6:26  SCV x2  
  68  6:38  SCV x2, Engineering Bay  
  70  6:43  Marine x2  
  70  6:45  Siege Tank  
  72  6:50  SCV, Starport Reactor, Supply Depot  
  73  6:55  SCV  
  73  7:00  Marine  
  73  7:01  Marine  
  76  7:03  SCV  
  76  7:04  Bunker  
  76  7:05  Terran Infantry Weapons Level 1  
  77  7:21  Stimpack  
  77  7:22  Siege Tank, Marine x2  
  82  7:23  SCV x2  
  82  7:28  Missile Turret  
  81  7:31  Medivac x2  
  75  7:48  SCV x2, Marine x2  
  46  8:00  SCV  
  46  8:02  Marine  
  48  8:06  Marine x2  
  48  8:10  SCV  
  48  8:12  SCV  
  45  8:22  SCV  
  45  8:24  Marine x3  
  45  8:26  SCV  
  49  8:35  SCV  
  49  8:37  Bunker  
  49  8:39  Supply Depot  
  49  8:40  SCV  
  51  8:49  Siege Tank  
  51  8:51  SCV  
  47  9:03  Marine x2  
  47  9:04  SCV  
  44  9:10  Marine  
  45  9:21  Marine x2  
  47  9:30  Combat Shield  
  47  9:33  Bunker  
  47  9:42  SCV x2  
  49  9:46  Marine  
  49  9:51  Marine x2  
  54  10:00  Engineering Bay  
  54  10:04  Medivac x2  
  56  10:10  Marine x3  
  59  10:15  Supply Depot  
  59  10:20  SCV x2  
  61  10:22  Factory Reactor  
  61  10:31  Barracks  
  61  10:32  SCV  
  61  10:34  Marine x2  
  61  10:35  Marine  
  65  10:37  SCV  
  65  10:44  SCV  
  65  10:49  Medivac x2  
  70  10:52  Concussive Shells  
  70  10:53  Marauder  
  70  10:55  Marine x2  
  73  11:03  Widow Mine x2  
  77  11:12  SCV x2  
  79  11:20  Marauder x2, Marine x2  
  79  11:21  Liberator  
  79  11:22  Liberator  
  85  11:30  Widow Mine x2  
  89  11:37  Marine  
  96  11:47  SCV x2  
  96  11:52  Marine  
  96  11:53  Marauder x2  
  103  11:57  Widow Mine  
  103  11:58  Widow Mine  
  103  11:59  SCV  
  108  12:14  Marauder  
  110  12:23  Marine x2  
  110  12:25  Liberator, Widow Mine  
  110  12:27  Widow Mine  
  110  12:34  Marauder  
  110  12:37  Marauder  
  103  12:41  Marine x2  
  108  12:46  Widow Mine  
  110  12:57  Widow Mine  
  110  13:00  Marine x2  
  110  13:07  Liberator  
  109  13:13  Marauder  
  109  13:18  Marauder  
  109  13:19  Marine  
  110  13:20  Marine  
  78  13:35  Marauder  
  78  13:36  Marine  
  78  13:37  Widow Mine  
  78  13:38  Marine  
  78  13:39  Marauder  
  66  13:41  SCV x2  
  61  13:53  SCV x2  
  61  13:54  Marine  
  61  13:55  Marine  
  61  13:56  Marauder  
  61  14:01  Marauder  
  65  14:08  SCV x2, Widow Mine x2  
  71  14:12  Marine  
  72  14:18  Marauder  
  72  14:20  SCV x2, Marine  
  72  14:22  Marauder  
  79  14:30  Marine  
  80  14:34  Medivac x2  
  80  14:35  Widow Mine x2  
  80  14:37  SCV  
  89  14:42  Marauder  
  91  14:49  Marauder, Marine x2  
  92  15:04  Marauder  
  91  15:10  Marine  
  91  15:11  Marauder, Marine  
  93  15:15  Medivac x2  
  93  15:19  Widow Mine x2  
  99  15:25  Marauder  
  101  15:38  Marauder  
  97  15:43  Marine x2  
  97  15:46  Marauder  
  91  16:00  Marauder  
Show
View Real Time Build Order
Export as new Build Order

IIIIIIIIIIII Protoss - Winner!

Build Orders:  

Get SALT Encoding   

  12  0:00  Probe  
  13  0:12  Probe  
  14  0:22  Pylon  
  14  0:24  Probe  
  15  0:36  Probe  
  16  0:44  Probe  
  16  0:48  Gateway  
  17  0:54  Probe  
  17  0:56  Assimilator  
  18  1:03  Pylon  
  18  1:06  Probe  
  19  1:18  Probe  
  19  1:22  Gateway  
  21  1:36  Cybernetics Core  
  21  1:37  Zealot  
  22  1:44  Probe  
  23  1:56  Probe  
  23  2:00  Assimilator  
  24  2:02  Stalker  
  24  2:09  Probe  
  24  2:13  Stalker  
  24  2:15  Warp Gate  
  29  2:22  Pylon  
  29  2:25  Stalker  
  29  2:29  Pylon  
  31  2:49  Shield Battery  
  31  2:55  Stalker  
  33  3:03  Shield Battery  
  33  3:17  Probe  
  33  3:18  Stalker  
  34  3:28  Stargate  
  34  3:29  Probe  
  35  3:41  Probe  
  37  3:55  Probe  
  37  4:01  Oracle, Nexus  
  37  4:07  Sentry  
  37  4:09  Probe  
  40  4:16  Shield Battery  
  43  4:26  Pylon  
  43  4:29  Probe  
  44  4:34  Phoenix  
  44  4:39  Phoenix  
  44  4:42  Probe  
  47  4:52  Gateway  
  47  4:54  Probe  
  47  4:55  Phoenix  
  50  5:07  Probe  
  52  5:14  Probe  
  52  5:16  Shield Battery  
  52  5:19  Probe  
  53  5:23  Oracle  
  53  5:26  Probe  
  54  5:31  Probe  
  58  5:36  Pylon  
  58  5:38  Probe  
  59  5:43  Probe  
  59  5:48  Twilight Council  
  60  5:50  Probe  
  62  5:59  Resonating Glaives  
  62  6:00  Phoenix  
  65  6:10  Gateway x2  
  63  6:13  Gateway  
  63  6:17  Gateway  
  63  6:18  Gateway  
  63  6:25  Phoenix  
  64  6:46  Adept x3  
  70  6:48  Pylon  
  70  6:50  Pylon  
  70  6:52  Pylon  
  70  6:58  Pylon  
  70  7:08  Adept x5  
  79  7:20  Adept x3  
  83  7:28  Adept x2  
  83  7:29  Adept  
  89  7:34  Adept  
  63  7:53  Adept x3  
  63  7:54  Adept  
  59  7:59  Zealot x2  
  59  8:00  Zealot  
  59  8:01  Adept  
  51  8:21  Stalker x2, Zealot x3  
  61  8:35  Adept x3  
  67  8:44  Adept x3  
  67  8:46  Zealot  
  59  9:10  Adept x5  
  59  9:15  Charge  
  69  9:17  Stalker, Zealot  
  69  9:18  Zealot  
  73  9:42  Adept  
  73  9:43  Adept  
  77  9:46  Assimilator  
  77  9:48  Zealot  
  77  9:49  Zealot  
  77  9:50  Zealot  
  83  9:56  Probe x2  
  83  9:57  Forge  
  83  9:59  Assimilator  
  85  10:24  Nexus  
  85  10:25  Protoss Ground Weapons Level 1  
  85  10:29  Templar Archives  
  85  10:32  Zealot x3  
  91  10:42  Sentry  
  93  10:45  Probe  
  93  10:47  Pylon  
  94  10:52  Psionic Storm  
  94  11:01  Pylon  
  94  11:04  Pylon  
  94  11:05  Probe x2  
  96  11:16  Blink  
  96  11:17  Probe x2  
  96  11:26  Pylon  
  96  11:27  Pylon  
  96  11:30  Probe  
  97  11:39  Stalker  
  99  11:41  Probe  
  99  11:42  Probe x2  
  102  11:54  High Templar x2, Probe x2  
  104  11:55  High Templar  
  104  12:01  Stalker  
  112  12:02  Probe  
  112  12:06  Probe x2  
  115  12:14  Probe  
  115  12:16  Zealot  
  115  12:20  Stalker  
  119  12:25  Stalker x2  
  119  12:26  Stalker  
  119  12:32  Zealot x2  
  119  12:34  Probe  
  124  12:38  Zealot, High Templar  
  126  12:47  Zealot  
  128  12:51  Zealot x3  
  128  12:52  Zealot  
  128  12:56  Pylon  
  134  13:07  Stalker x2  
  134  13:08  Zealot  
  138  13:24  Archon  
  138  13:26  Zealot x5  
  100  13:44  Zealot x3  
  98  13:48  Protoss Ground Armor Level 1  
  98  13:53  Zealot x2  
  98  13:54  Zealot x3  
  108  14:01  Robotics Facility  
  108  14:06  Shield Battery  
  108  14:07  Archon  
  108  14:09  High Templar x3  
  114  14:10  Probe x2  
  114  14:11  Probe  
  114  14:12  Assimilator  
  114  14:14  Assimilator  
  117  14:21  Stalker x2  
  124  14:30  Nexus  
  121  14:41  Stalker  
  121  14:45  Probe x3  
  126  14:46  Pylon  
  126  14:49  High Templar x3  
  126  14:52  Warp Prism  
  134  14:59  High Templar  
  133  15:03  Zealot x3  
  132  15:18  Probe, Forge  
  131  15:31  Stalker x5  
  140  15:36  Archon  
  138  15:46  Zealot  
  138  15:47  Zealot x2  
  132  16:07  Probe x3  
  134  16:13  Probe, Pylon  
  134  16:15  Stalker x4  
  142  16:20  Archon  
Tags
 
Add a new tag
Caveats
  • Supply blocks, unpowered buildings, or Contaminate may cause inaccurate times.
  • Supply counts are checked every 10 seconds.